 Dungeon Sprint DCSS version 0.26-a0-649-gf8c6c3aab7 (webtiles) character file.

Game seed: 8528879070708147415

5607 sahdkjhfkaj the Genius of the Arcane (level 10, -18/107 HPs)
             Began as a Troll Monk on Sept 27, 2020.
             Was the Champion of Sif Muna.
             Demolished by an ettin
             ... wielding a +0 dire flail
              (36 damage)
             ... in the Dungeon (Sprint IX: "|||||||||||||||||||||||||||||").
             The game lasted 00:03:15 (1139 turns).

sahdkjhfkaj the Genius of the Arcane (Troll Monk)   Turns: 1139, Time: 00:03:15

Health: -18/107    AC:  7    Str: 30    XL:     10   Next: 45%
Magic:  17/17      EV: 14    Int:  6    God:    Sif Muna [******]
Gold:   31         SH:  0    Dex: 12    Spells: 3/9 levels left

rFire    . . .     SeeInvis .     - Unarmed
rCold    . . .     Faith    .   (no shield)
rNeg     . . .     Spirit   .   a - +0 robe
rPois    .         Reflect  .   (helmet restricted)
rElec    .         Harm     .   l - +0 cloak
rCorr    .         Rampage  .   (gloves unavailable)
MR       .....     NoTele   +   (boots unavailable)
Stlth    ++........             (no amulet)
HPRegen  0.67/turn              m - +3 ring of strength
MPRegen  0.15/turn              n - +3 ring of strength

@: no status effects
A: large, unfitting armour, claws 3, regeneration 1, shaggy fur 1, tough skin 3
a: Channel Magic, Forget Spell, Divine Exegesis, Renounce Religion


You were in the Dungeon.
You worshipped Sif Muna.
Sif Muna was exalted by your worship.
You visited 1 branch You collected 31 gold pieces.

Inventory:

Armour
 a - a +0 robe (worn)
 l - a +0 cloak (worn)
Jewellery
 m - a +3 ring of strength (left claw)
 n - a +3 ring of strength (right claw)
 u - an uncursed ring of see invisible
Wands
 k - a wand of acid (7)
Scrolls
 g - 3 scrolls of blinking
 i - 3 scrolls of remove curse
 j - 2 scrolls of amnesia
 q - 4 scrolls of enchant weapon
 r - a scroll of fog
 s - 2 scrolls of enchant armour
 t - a scroll of identify
Potions
 b - a potion of invisibility
 d - a potion of haste
 e - 4 potions of magic
 f - a potion of berserk rage
 h - 6 potions of curing
 o - a potion of stabbing
 p - a potion of brilliance


   Skills:
 - Level 9.0 Fighting
 - Level 9.0 Dodging
 - Level 1.0 Stealth
 - Level 9.0 Unarmed Combat
 + Level 5.0 Necromancy
 + Level 4.5 Ice Magic
 + Level 11.1 Invocations
 + Level 9.4 Evocations


You had 3 spell levels left.
You knew the following spells:

 Your Spells              Type           Power        Failure   Level
a - Simulacrum            Ice/Necr       #.........   100%        6

Your spell library contained the following spells:

 Spells                   Type           Power        Failure   Level
 Sting                    Tmut/Pois      #...         45%         1
 Dazzling Flash           Conj/Hex       #.....       83%         3
 Ignite Poison            Fire/Tmut/Pois #.......     83%         3
 Summon Guardian Golem    Hex/Summ       #.......     83%         3
 Dispel Undead            Necr           #.......     54%         4
 Excruciating Wounds      Necr           #.........   87%         5
 Hailstorm                Conj/Ice       #.......     89%         4
 Irradiate                Conj/Tmut      #.........   100%        5
 Death Channel            Necr           #.........   100%        6
 Freezing Cloud           Conj/Ice/Air   #.........   100%        6
 Malign Gateway           Summ/Tloc      #.........   100%        7


Dungeon Overview and Level Annotations

Branches:
Dungeon (1/1)

Altars:
Cheibriados
Dithmenos
Elyvilon
Fedhas
Gozag
Hepliaklqana
Kikubaaqudgha
Makhleb
Nemelex Xobeh
Okawaru
Qazlal
Ru
Sif Muna
Trog
Uskayaw
Vehumet
Wu Jian
Xom
Yredelemnul
Zin
The Shining One
Beogh
Jiyva
Lugonu


Innate Abilities, Weirdness & Mutations

You are too large for most types of armour.
You have claws for hands.
Your natural rate of healing is unusually fast.
You are covered in fur. (AC +1)
You have extremely tough skin. (AC +3)


Message History

a +0 flail; 50 gold pieces; an orc corpse An orc comes into view.
The ettin hits you with a +0 dire flail!!
The ettin completely misses you.
Things that are here:
a +0 flail; 50 gold pieces; an orc corpse You feel much better.
The ettin hits you but does no damage.
The ettin hits you with a +0 dire flail!!!
* * * LOW HITPOINT WARNING * * *
Items here: $ ) : [ †.
Items here: $ )) [.
There is an open door to the Orcish Mines, spattered with blood here.
Items here: $ ))))) [[[ †††.
You see here Ynaly's Compendium of Freezing Enchantment.
Things that are here:
a +0 dagger; a +0 robe; 50 gold pieces The ettin hits you with a +0 dire flail!!
* * * LOW HITPOINT WARNING * * *
The ettin hits you with a +0 dire flail!!!
You die...

▓▓▓▓▓▓▓▓▓▓▓
▓<▓...▓.@.▓
▓.▓.▓.▓.▓C▓
▓.▓.▓.▓.▓o▓
▓)▓.▓.▓.▓.▓
▓'▓.▓.▓.▓.▓
▓)▓.▓.▓.▓.▓
▓.▓.▓.▓.▓.▓
▓.▓.▓'▓.▓.▓
▓.▓.▓.▓.▓.▓


You could see an ettin and an orc.

Vanquished Creatures
  A hydra (D)
  A centaur warrior (D)
  A two-headed ogre (D)
  A black mamba (D)
  A polar bear (D)
  2 hippogriffs (D)
  2 yaks (D)
  2 water moccasins (D)
  4 porcupines (D)
  2 orc warriors (D)
  A sky beast (D)
  7 black bears (D)
  An eye of draining (D)
  An ogre (D)
  A crocodile (D)
  6 bullfrogs (D)
  A killer bee (D)
  A hound (D)
  3 orc priests (D)
  2 orc wizards (D)
  A worker ant (D)
  A gnoll (D)
  2 adders (D)
  An adder zombie (D)
  4 orcs (D)
  2 giant cockroaches (D)
  2 goblins (D)
  A bat (D)
  A frilled lizard (D)
  A jackal skeleton (D)
  A leopard gecko zombie (D)
58 creatures vanquished.

Notes
Turn   | Place    | Note
-------+----------+-------------------------------------------
     0 | D        | sahdkjhfkaj the Troll Monk began the quest for the Orb.
     0 | D        | Reached XP level 1. HP: 22/22 MP: 0/0
    19 | D        | Noticed a worker ant
    23 | D        | Reached XP level 2. HP: 25/32 MP: 1/1
    29 | D        | Reached skill level 5 in Unarmed Combat
    29 | D        | Reached XP level 3. HP: 25/40 MP: 2/2
    32 | D        | Reached skill level 5 in Fighting
    60 | D        | Found a roughly hewn altar of Beogh.
    60 | D        | Found a snail-covered altar of Cheibriados.
    60 | D        | Found a shadowy altar of Dithmenos.
    60 | D        | Found a white marble altar of Elyvilon.
    60 | D        | Found a blossoming altar of Fedhas.
    60 | D        | Found an opulent altar of Gozag.
    61 | D        | Found a hazy altar of Hepliaklqana.
    62 | D        | Found a viscous altar of Jiyva.
    63 | D        | Found an ancient bone altar of Kikubaaqudgha.
    64 | D        | Found a corrupted altar of Lugonu.
    65 | D        | Found a burning altar of Makhleb.
    66 | D        | Found a sparkling altar of Nemelex Xobeh.
    67 | D        | Found an iron altar of Okawaru.
    68 | D        | Found a stormy altar of Qazlal.
    69 | D        | Found a sacrificial altar of Ru.
    70 | D        | Found a shimmering blue altar of Sif Muna.
    71 | D        | Found a bloodstained altar of Trog.
    72 | D        | Found a hide-covered altar of Uskayaw.
    73 | D        | Found a radiant altar of Vehumet.
    74 | D        | Found an ornate altar of the Wu Jian Council.
    75 | D        | Found a shimmering altar of Xom.
    76 | D        | Found a basalt altar of Yredelemnul.
    77 | D        | Found a glowing silver altar of Zin.
    78 | D        | Found a glowing golden altar of the Shining One.
   124 | D        | Became a worshipper of Sif Muna the Loreminder
   124 | D        | Reached * piety under Sif Muna
   124 | D        | Reached ** piety under Sif Muna
   157 | D        | Noticed an eye of draining
   157 | D        | Noticed a two-headed ogre
   157 | D        | Noticed a sky beast
   157 | D        | Noticed an ogre
   163 | D        | Killed an eye of draining
   163 | D        | Reached XP level 4. HP: 53/53 MP: 0/3
   163 | D        | Reached XP level 5. HP: 61/61 MP: 0/4
   177 | D        | Killed an ogre
   177 | D        | Reached *** piety under Sif Muna
   179 | D        | Killed a two-headed ogre
   179 | D        | Reached skill level 5 in Invocations
   179 | D        | Reached XP level 6. HP: 15/75 MP: 1/9
   179 | D        | Reached XP level 7. HP: 17/83 MP: 1/10
   269 | D        | Noticed a yak
   269 | D        | Noticed a centaur warrior
   273 | D        | Killed a yak
   273 | D        | Reached skill level 6 in Invocations
   273 | D        | Reached skill level 5 in Evocations
   273 | D        | Reached XP level 8. HP: 81/92 MP: 11/11
   283 | D        | Killed a centaur warrior
   283 | D        | Reached **** piety under Sif Muna
   283 | D        | Reached skill level 7 in Invocations
   348 | D        | Reached skill level 8 in Invocations
   354 | D        | Reached ***** piety under Sif Muna
   547 | D        | Identified Tinierhukk's Guide on Transformation and the
                  | Frostbite (Sif Muna gifted it to you in the Dungeon)
   547 | D        | Received a gift from Sif Muna
   547 | D        | Reached XP level 9. HP: 94/98 MP: 14/14
   559 | D        | Noticed a black mamba
   569 | D        | Reached skill level 9 in Invocations
   577 | D        | Killed a black mamba
   585 | D        | Learned a level 6 spell: Simulacrum
   792 | D        | Noticed a seven-headed hydra
   793 | D        | Identified Sif Muna's Grimoire of the Goat (Sif Muna gifted
                  | it to you in the Dungeon)
   793 | D        | Received a gift from Sif Muna
   794 | D        | Reached skill level 1 in Necromancy
   794 | D        | Reached skill level 1 in Ice Magic
   799 | D        | Killed an 11-headed hydra
   799 | D        | Reached skill level 10 in Invocations
   799 | D        | Reached XP level 10. HP: 70/107 MP: 16/16
   917 | D        | Identified Sif Muna's Reference Book on Lethal Beguiling
                  | (Sif Muna gifted it to you in the Dungeon)
   917 | D        | Received a gift from Sif Muna
   956 | D        | Reached skill level 11 in Invocations
  1095 | D        | Identified Ynaly's Compendium of Freezing Enchantment (Sif
                  | Muna gifted it to you in the Dungeon)
  1095 | D        | Received a gift from Sif Muna
  1095 | D        | Reached ****** piety under Sif Muna
  1115 | D        | Noticed an ettin
  1116 | D        | Reached skill level 5 in Necromancy
  1118 | D        | Identified Sif Muna's Incunabulum of Flying Stones (Sif
                  | Muna gifted it to you in the Dungeon)
  1118 | D        | Received a gift from Sif Muna
  1139 | D        | Demolished by an ettin

Illustrated notes

Levels and vault maps discovered:
D:        linesprint [early_d, line_temple, items_1, d_10, items_2, lair_1,
          lair_end, items_3, orc_1, orc_end, items_4, d_15, swamp_1, shoals_1,
          snake_1, spider_1, d_20, vaults_1, items_5, swamp_end, shoals_end,
          snake_end, spider_end, vaults_end, d_27, items_6, zot_1, zot_end,
          crypt_end, forest_end, elf_end, slime_end, tomb_end, abyss_end,
          pan_hell_end]

Skill      XL: |  1  2  3  4  5  6  7  8  9 10 |
---------------+-------------------------------+-----
Fighting       | 3 4 6 9 |  9.0
Unarmed Combat | 4 5 7 9 |  9.0
Dodging        | 6 8 9 |  9.0
Invocations    | 5 6 8 10 11 | 11.1
Evocations     | 4 5 6 8 9 |  9.4
Necromancy     | 3 5 |  5.0
Ice Magic      | 2 4 |  4.5
Stealth        | |  1.0

Action                   |  1- 3 |  4- 6 |  7- 9 | 10-12 || total
-------------------------+-------+-------+-------+-------++-------
Melee: Unarmed           |    24 |    13 |    69 |    72 ||   178
       Punch             |       |     1 |     2 |     2 ||     5
Evoke: Wand              |       |     2 |     1 |       ||     3
  Use: Potion            |     1 |     1 |     2 |     1 ||     5
Armor: Robe              |     3 |     7 |    14 |    33 ||    57
Dodge: Dodged            |     6 |     3 |    41 |    45 ||    95

Table legend: (Time is in decaauts)
 A = Elapsed time spent in this place.
 B = Non-inter-level travel time spent in this place.
 C = Inter-level travel time spent in this place.
 D = Time resting spent in this place.
 E = Time spent auto-exploring this place.
 F = Levels seen in this place.
 G = Mean time per level.
                   A        B        C        D        E       F      G
               +--------+--------+--------+--------+--------+-----+--------+
         Total |   1115 |   1115 |      0 |    372 |    398 |   1 | 1115.0 |
       Dungeon |   1115 |   1115 |      0 |    372 |    398 |   1 | 1115.0 |
               +--------+--------+--------+--------+--------+-----+--------+

Top non-repeatable levels by time:
       D: 1115 daAuts
